AoeStats
← zephyrutia

Arabia

509546462Analyzed
2v2 RM · 6d ago on Sep 27, 2026· 49m 34s· 4 players
Game mode
Random Map
Map size
Medium (4 player)
Population
200
Speed
Normal
Resources
Standard
Victory
Conquest
Starting age
Dark Age
Ending age
Imperial Age
RankedLock teamsTeams togetherTeam positionsShared explorationLock speedFull tech treeHidden civsTurbo modeCheats
Victory
Defeat
🇺🇸 Teutons · United States
890
+21
🇳🇵 Japanese · Nepal
861
+21
🇷🇺 Japanese · Russia
993
-21
🇷🇺 Bulgarians · Russia
992
-21
zhiv1986
5:41 Loom
10:48 Feudal Age
11:19 Double-Bit Axe
12:19 Arson
14:21 Forging
15:32 Horse Collar
18:10 Scale Mail Armor
20:15 Wheelbarrow
24:07 Castle Age
22:12 Gold Mining
22:14 Stone Mining
23:16 Bloodlines
23:50 Scale Barding Armor
26:39 Bow Saw
27:16 Heavy Plow
28:07 Iron Casting
28:20 Gold Shaft Mining
29:19 Chain Barding Armor
29:25 Husbandry
32:28 Fletching
35:59 Bodkin Arrow
36:05 Padded Archer Armor
38:02 Thumb Ring
39:23 Town Watch
39:57 Hand Cart
vladimirgunner2018
7:05 Loom
9:39 Feudal Age
10:46 Man-at-Arms
15:45 Double-Bit Axe
23:06 Castle Age
22:14 Bloodlines
21:55 Horse Collar
31:40 Wheelbarrow
31:20 Heavy Plow
31:58 Scale Mail Armor
zephyrutia
7:40 Loom
10:22 Feudal Age
25:51 Castle Age
24:49 Double-Bit Axe
24:58 Fletching
27:40 Scale Barding Armor
28:16 Forging
29:01 Bloodlines
29:58 Iron Casting
35:23 Town Watch
36:15 Wheelbarrow
45:30 Imperial Age
46:49 Cavalier
48:47 Ballistics
Magikarp
3:44 Loom
11:10 Feudal Age
11:25 Man-at-Arms
11:54 Arson
15:18 Forging
15:09 Scale Mail Armor
21:10 Double-Bit Axe
25:13 Castle Age
26:12 Long Swordsman
28:51 Squires
30:36 Chain Mail Armor
32:36 Pikeman
48:38 Iron Casting
48:16 Gambesons
Connection lost

Rejoining the realm…

Still unreachable

The connection could not be restored.

Session expired

The server has moved on; the page needs a fresh start.